 Dungeon Crawl Stone Soup version 0.30-a0-339-g89bb51ec76 (webtiles) character file.

Game seed: 187885685312862303

21 PimpSugar the Magician (level 2, -2/20 HPs)
             Began as a Demonspawn Hedge Wizard on Oct 31, 2022.
             Slain by Sigmund
             ... wielding a +0 scythe
              (10 damage)
             ... on level 2 of the Dungeon.
             The game lasted 00:05:22 (1363 turns).

PimpSugar the Magician (Demonspawn Hedge Wizard)    Turns: 1363, Time: 00:05:23

Health: -2/20      AC:  3    Str: 10    XL:     2   Next: 65%
Magic:  0/6        EV: 13    Int: 21    God:
Gold:   91         SH:  0    Dex: 12    Spells: 4/7 levels left

rFire   . . .      SeeInvis .    j - +0 short sword (drain)
rCold   . . .      Faith    .    (no shield)
rNeg    . . .      Spirit   +    m - +0 leather armour
rPois   .          Reflect  .    c - +0 hat
rElec   .          Harm     .    (no cloak)
rCorr   .          Rampage  .    (no gloves)
Will    .....                    (no boots)
Stlth   ++........               r - amulet of guardian spirit
HPRegen 0.23/turn                f - +6 ring of intelligence
MPRegen 0.10/turn                (no ring)

@: no status effects
A: repulsion field 1
a: no special abilities


You were on level 2 of the Dungeon.
You visited 1 branch of the dungeon, and saw 2 of its levels.

You collected 91 gold pieces.

Inventory:

Hand Weapons
 a - a +0 dagger
 j - a +0 short sword of draining (weapon)
Missiles
 e - 32 stones (quivered)
 h - 4 poisoned darts
Armour
 b - a +0 robe
 c - a +0 hat (worn)
 m - a +0 leather armour (worn)
Jewellery
 f - a +6 ring of intelligence (left hand)
 r - an amulet of guardian spirit (around neck)
Scrolls
 d - a scroll of enchant armour {unknown}
 g - a scroll of immolation {unknown}
 i - a scroll of identify
 k - a scroll of teleportation {unknown}
 p - a scroll of silence {unknown}
 q - a scroll of blinking {unknown}
Potions
 l - a potion of heal wounds
 n - a potion of berserk rage {unknown}
 o - a potion of resistance {unknown}
 s - 2 potions of magic


   Skills:
 + Level 0.5 Fighting
 + Level 2.0 Dodging
 - Level 1.7 Stealth
 * Level 3.3 Spellcasting
 + Level 1.2 Conjurations
 + Level 1.1 Summonings
 + Level 1.1 Translocations


You had 4 spell levels left.
You knew the following spells:

 Your Spells              Type           Power      Damage    Failure   Level
a - Magic Dart            Conj           32%        1d4       11%         1
b - Call Imp              Summ           8%         N/A       16%         2

Your spell library contained the following spells:

 Spells                   Type           Power      Damage    Failure   Level
 Slow                     Hex            12%        N/A       17%         1
 Blink                    Tloc           16%        N/A       17%         2
 Cigotuvi's Dreadful Rot  Necr/Pois/Air  6%         N/A       26%         2
 Mephitic Cloud           Conj/Pois/Air  5%         N/A       41%         3


Dungeon Overview and Level Annotations

Branches:
Dungeon (2/15)

Altars:

Annotations:
D:2 Sigmund


Innate Abilities, Weirdness & Mutations

You are surrounded by a mild repulsion field. (EV +2)


Message History

You shout for attention!
You feel less confused. Sigmund barely misses you.
Your crimson imp blinks!
Sigmund closely misses you.
Your crimson imp hits Sigmund but does no damage.
Your crimson imp hits Sigmund.
Casting: Call Imp (safe; 16% risk of failure)
Confirm with . or Enter, or press ? or * to list all spells.
Aiming: Magic Dart (safe; 11% risk of failure)
Press: ? - help, Shift-Dir - straight line, f - Sigmund
Aim: Sigmund, wielding a +0 scythe and wearing a +0 robe (lightly wounded, ally target, 100% to hit)
The magic dart hits Sigmund.
Sigmund is lightly wounded.
Casting: Magic Dart (safe; 11% risk of failure)
Confirm with . or Enter, or press ? or * to list all spells.
Okay, then.
Sigmund points at you and mumbles some strange words.
The magic dart hits you.
Your crimson imp hits Sigmund but does no damage.
Your crimson imp blinks!
Casting: Magic Dart (safe; 11% risk of failure)
Confirm with . or Enter, or press ? or * to list all spells.
Aiming: Magic Dart (safe; 11% risk of failure)
Press: ? - help, Shift-Dir - straight line, f/p - Sigmund
Aim: Sigmund, wielding a +0 scythe and wearing a +0 robe (lightly wounded, ally target, 100% to hit)
The magic dart hits Sigmund.
Sigmund is lightly wounded.
Your crimson imp blinks!
Casting: Magic Dart (safe; 11% risk of failure)
Confirm with . or Enter, or press ? or * to list all spells.
A shadowy apparition takes form in the air.
Sigmund casts a spell.
Sigmund flickers and vanishes!
Deactivating autopickup; reactivate with Ctrl-A.
You swap places.
Something hits you.
You swap places.
Something hits you but does no damage. Something hits you!
Ouch! That really hurt!
You die...

...## ##..#### .......#
######.######## ###
.....#......... ...
.....#.########### #.#
.....#.##........#...
.....#......####.#.#
.....#......'.^.@..# #
.....#......####5###..#
.....#.#..............#
.....#.###.#####.####.#
###+##.# #.# #.# .......#
#.#####.####.### #.....##
#..............#
#.....##########.########
........................#


You could see a friendly shadow imp (summoned).

Vanquished Creatures
  2 ball pythons (D:1)
  4 bats
  2 endoplasms
  A giant cockroach (D:1)
  4 goblins (D:1)
  2 frilled lizards (D:1)
  2 kobolds (D:1)
  2 rats (D:1)
19 creatures vanquished.

Vanquished Creatures (collateral kills)
  A giant cockroach (D:1)
1 creature vanquished.

Grand Total: 20 creatures vanquished

Notes
Turn   | Place    | Note
-------+----------+-------------------------------------------
     0 | D:1      | PimpSugar the Demonspawn Hedge Wizard began the quest for
                  | the Orb.
     0 | D:1      | Reached XP level 1. HP: 13/13 MP: 4/4
   223 | D:1      | Reached skill level 1 in Translocations
   252 | D:1      | Gained mutation: You are surrounded by a mild repulsion
                  | field. (EV +2) [demonic ancestry]
   252 | D:1      | Reached XP level 2. HP: 12/20 MP: 3/6
   355 | D:1      | Learned a level 2 spell: Call Imp
  1223 | D:2      | Found a faded altar of an unknown god.
  1335 | D:2      | Noticed Sigmund
  1363 | D:2      | Slain by Sigmund

Illustrated notes

Levels and vault maps discovered:
D:1:      saegor_arrival_simple_a, layout_loops_ring,
          chequers_serial_rivers_room_a
D:2:      layout_basic, shapermc_ecumenical_altar_venn, minivault_25,
          uniq_sigmund

Skill      XL: |  1  2 |
---------------+-------+-----
Translocations | 1 |  1.1
Dodging        | 2 |  2.0
Fighting       | |  0.5
Stealth        | |  1.7
Spellcasting   | |  3.3
Conjurations   | |  1.2
Summonings     | |  1.1

Action                   || total
-------------------------++-------
Melee: Dagger            ||    14
       Short sword       ||     7
 Cast: Magic Dart        ||    39
       Call Imp          ||     4
  Use: Potion            ||     1
       Scroll            ||     1
 Stab: Sleeping          ||     1
Armor: Robe              ||    10
       Leather armour    ||     2
Dodge: Dodged            ||    36

Table legend: (Time is in decaauts)
 A = Elapsed time spent in this place.
 B = Non-inter-level travel time spent in this place.
 C = Inter-level travel time spent in this place.
 D = Time resting spent in this place.
 E = Time spent auto-exploring this place.
 F = Levels seen in this place.
 G = Mean time per level.
                   A        B        C        D        E       F      G
               +--------+--------+--------+--------+--------+-----+--------+
         Total |   1361 |   1316 |     45 |     68 |    905 |   2 |  680.5 |
       Dungeon |   1361 |   1316 |     45 |     68 |    905 |   2 |  680.5 |
               +--------+--------+--------+--------+--------+-----+--------+

Top non-repeatable levels by time:
     D:1: 1156 daAuts
     D:2: 205 daAuts
